 Dungeon Crawl Stone Soup version 0.25.1-2-g60ff931df9 (webtiles) character file.

Game seed: 11667951924996533033

315 lepoulpe303 the Magician (level 6, -6/28 HPs)
             Began as a Spriggan Earth Elementalist on Sept 19, 2020.
             Killed by divine providence
             ... invoked by an orc priest
              (17 damage)
             ... on level 4 of the Dungeon.
             The game lasted 00:12:50 (4894 turns).

lepoulpe303 the Magician (SpEE)                     Turns: 4894, Time: 00:12:51

Health: -6/28      AC:  4    Str:  4    XL:     6   Next: 19%
Magic:  7/14       EV: 19    Int: 18    God:
Gold:   190        SH:  0    Dex: 17    Spells: 8/14 levels left

rFire    . . .     SeeInvis +   a - +0 dagger
rCold    . . .     Gourm    .   (shield restricted)
rNeg     . . .     Faith    .   c - +0 robe
rPois    .         Spirit   .   (helmet restricted)
rElec    .         Reflect  .   n - +1 cloak {rCorr}
rCorr    +         Harm     .   (gloves unavailable)
MR       ++...                  (boots unavailable)
Stlth    +++.......             k - amulet of magic regeneration
HPRegen  0.09/turn              m - ring of protection from magic
MPRegen  0.39/turn              g - ring of flight

@: very quick
A: very small, unfitting armour, see invisible, herbivore, speed 3, slow
metabolism 2
a: Evoke Flight


You were on level 4 of the Dungeon.
You were hungry.

You visited 1 branch of the dungeon, and saw 4 of its levels.

You collected 190 gold pieces.

Inventory:

Hand Weapons
 a - a +0 dagger (weapon)
Missiles
 Q - 39 stones (quivered)
Armour
 c - a +0 robe (worn)
 l - a +0 cloak
 n - a +1 cloak of preservation (worn)
Jewellery
 g - a ring of flight (right hand)
 h - an uncursed amulet of faith {unknown}
 k - an amulet of magic regeneration (around neck)
 m - a ring of protection from magic (left hand)
 R - an uncursed amulet of regeneration
Scrolls
 b - a scroll of random uselessness {unknown}
 f - a scroll of magic mapping {!r}
 i - 4 scrolls of identify
 r - a scroll of noise {unknown}
 s - 2 scrolls of amnesia {unknown}
 t - a scroll of teleportation {unknown}
 w - a scroll of remove curse
Potions
 d - a potion of might
 j - a potion of degeneration {unknown}
 o - a potion of stabbing {unknown}
 p - 3 potions of invisibility
 q - a potion of curing
 u - a potion of flight {unknown}
Comestibles
 e - 4 rations


   Skills:
 + Level 2.1 Short Blades
 + Level 4.2 Dodging
 + Level 4.8 Stealth
 * Level 4.8 Spellcasting
 - Level 1.3 Transmutations
 * Level 4.2 Earth Magic


You had 8 spell levels left.
You knew the following spells:

 Your Spells              Type           Power        Failure   Level  Hunger
a - Sandblast             Erth           ###...       2%          1    None
w - Passwall              Tmut/Erth      ##......     6%          2    #......
x - Stone Arrow           Conj/Erth      ##....       17%         3    ###....

Your spell library contained the following spells:

 Spells                   Type           Power        Failure   Level  Hunger
 Petrify                  Tmut/Erth      ##......     38%         4    ####...
 Lee's Rapid Deconstruct  Erth           ###.......   54%         5    ######.


Dungeon Overview and Level Annotations

Branches:
Dungeon (4/15)
 Temple: D:4-7

Altars:
Qazlal
Vehumet

Annotations:
D:3 Edmund


Innate Abilities, Weirdness & Mutations

You are very small and have problems with some larger weapons.
You are too small for most types of armour.
You have supernaturally acute eyesight. (SInv)
You are a herbivore.
You cover ground extremely quickly.
You need to consume almost no food.


Message History

The blast of sand hits the orc priest but does no damage.
Q - 42 stones The orc priest barely misses you.
Aim: an orc priest, wielding a +0 club and wearing a +0 ring mail (heavily wounded)
The blast of sand hits the orc priest!
You kill the orc priest!
Q - 41 stones You now have 8/14 mp.
Aim: an orc, wearing a +0 leather armour The blast of sand hits the orc!
You kill the orc!
Q - 40 stones You now have 7/14 mp.
Aim: an orc priest, wielding a +0 flail and wearing a +0 leather armour The blast of sand hits the orc priest.
Q - 39 stones The orc priest calls down the wrath of Beogh upon you.
Beogh smites you!
Ouch! That really hurt!
You die...

########+####
#..o........#
o.o.........# #.....#
####)..^.#.#
#..'o.......
#o##.....#.# #@##.....#
# #.##.....#
#.###......
#.########## ###
#......... #..
#.####..## #..
######'####..# #..
#............# #..
#.........#.###.#.###..


You could see an orc priest.

Levels and vault maps discovered:
D:1:      dpeg_arrival_simpleton_b, layout_loops_ring, hangedman_glass_teeth,
          minmay_tripent
D:2:      layout_basic, fiery_altar_vehumet
D:3:      kb_forest_paths, layout_basic, minivault_24, goddamned_bats
D:4:      layout_basic, old_standard_altar, hangedman_decor_points, uniq_edmund

Notes
Turn   | Place    | Note
-------+----------+-------------------------------------------
     0 | D:1      | lepoulpe303 the Spriggan Earth Elementalist began the quest
                  | for the Orb.
     0 | D:1      | Reached XP level 1. HP: 9/9 MP: 5/5
   304 | D:1      | Reached skill level 3 in Spellcasting
   308 | D:1      | Reached XP level 2. HP: 8/13 MP: 0/7
   375 | D:1      | Learned a level 2 spell: Passwall
   504 | D:1      | Identified a +0 club
   507 | D:1      | Reached skill level 3 in Earth Magic
   527 | D:1      | Identified a +0 club
   798 | D:1      | Identified a cursed -2 dagger
   811 | D:1      | Identified a +0 club
   862 | D:1      | Identified a +0 whip
  1009 | D:2      | Identified a +0 dagger
  1277 | D:2      | Reached XP level 3. HP: 8/16 MP: 6/8
  1464 | D:2      | Found a radiant altar of Vehumet.
  1492 | D:2      | Identified 2 scrolls of identify
  1492 | D:2      | Identified an amulet of regeneration (You found it on level
                  | 2 of the Dungeon)
  1569 | D:2      | Identified a cursed -1 club
  1569 | D:2      | Identified a +0 hunting sling
  2036 | D:2      | Identified a +0 cloak (You found it on level 2 of the
                  | Dungeon)
  2036 | D:2      | Identified an amulet of magic regeneration (You found it on
                  | level 2 of the Dungeon)
  2039 | D:2      | Identified 2 scrolls of magic mapping
  2131 | D:3      | Identified a +1 cloak of preservation (You found it on
                  | level 3 of the Dungeon)
  2141 | D:3      | Identified a +0 club
  2288 | D:3      | Identified a +0 club
  2342 | D:3      | HP: 4/16 [frilled lizard (2)]
  2349 | D:3      | HP: 3/16 [jackal (1)]
  2355 | D:3      | Identified a +0 club
  2750 | D:3      | Identified a +0 dagger
  2750 | D:3      | Identified a +0 ring mail
  2827 | D:3      | Reached XP level 4. HP: 20/21 MP: 10/10
  2832 | D:3      | Learned a level 3 spell: Stone Arrow
  2832 | D:3      | Identified a potion of invisibility
  3074 | D:3      | Identified a +0 trident
  3074 | D:3      | Identified a +0 scale mail
  3104 | D:3      | Identified a +0 dagger
  3210 | D:3      | Identified a +0 dagger
  3328 | D:3      | Reached skill level 4 in Stealth
  3346 | D:3      | Reached skill level 1 in Short Blades
  3367 | D:3      | Reached skill level 4 in Spellcasting
  3367 | D:3      | Reached XP level 5. HP: 17/24 MP: 8/12
  3580 | D:3      | Reached skill level 4 in Dodging
  3700 | D:3      | Reached skill level 4 in Earth Magic
  4058 | D:3      | Identified a potion of curing
  4059 | D:3      | Identified a potion of might
  4060 | D:3      | Identified 2 scrolls of remove curse
  4061 | D:3      | Identified a ring of flight (You found it on level 2 of the
                  | Dungeon)
  4062 | D:3      | Identified a ring of attention (You found it on level 3 of
                  | the Dungeon)
  4064 | D:3      | Identified a ring of protection from magic (You found it on
                  | level 2 of the Dungeon)
  4079 | D:4      | Identified a +0 flail of protection
  4079 | D:4      | Identified a +0 ring mail
  4079 | D:4      | Noticed Edmund
  4384 | D:4      | Found a stormy altar of Qazlal.
  4791 | D:4      | Reached skill level 2 in Short Blades
  4791 | D:4      | Reached XP level 6. HP: 28/28 MP: 12/14
  4837 | D:4      | Identified a +0 club
  4837 | D:4      | Identified a +0 ring mail
  4837 | D:4      | Identified a +0 whip
  4837 | D:4      | Identified a +0 flail
  4837 | D:4      | Identified a +0 leather armour
  4880 | D:4      | Identified a +0 leather armour
  4894 | D:4      | Killed from afar by an orc priest

Table legend:
 A = Turns spent in this place as a percentage of turns spent in the entire game.
 B = Non-inter-level travel turns spent in this place as a percentage of non-inter-level travel turns spent in the entire game.
 C = Inter-level travel turns spent in this place as a percentage of turns spent in this place.
 D = Turns resting spent in this place as a percentage of non-inter-level travel turns spent in this place.
 E = Turns spent auto-exploring this place as a percentage of non-inter-level travel turns spent in this place.
 F = Non-inter-level travel turns spent in this place divided by the number of levels of this place that you've seen.
                   A       B       C       D       E      F
               +-------+-------+-------+-------+-------+----------------------
         Total | 100.0 | 100.0 |   3.0 |  34.7 |  40.0 | 1186.2
       Dungeon | 100.0 | 100.0 |   3.0 |  34.7 |  40.0 | 1186.2
               +-------+-------+-------+-------+-------+----------------------

Table legend:
 A = Kills in this place as a percentage of kills in entire the game.
 B = Kills by you in this place as a percentage of kills by you in the entire game.
 C = Kills by friends in this place as a percentage of kills by friends in the entire game.
 D = Other kills in this place as a percentage of other kills in the entire game.
 E = Experience gained in this place as a percentage of experience gained in the entire game.
 F = Experience gained in this place divided by the number of levels of this place that you have seen.
                   A       B       C       D       E      F
               +-------+-------+-------+-------+-------+----------------------
         Total | 100.0 | 100.0 |   N/A |   N/A | 100.0 | 112.5
       Dungeon | 100.0 | 100.0 |   N/A |   N/A | 100.0 | 112.5
               +-------+-------+-------+-------+-------+----------------------

Skill      XL: |  1  2  3  4  5 |
---------------+----------------+-----
Spellcasting   | 3 4 |  4.8
Earth Magic    | 3 4 |  4.2
Stealth        | 4 |  4.8
Short Blades   | 1 2 |  2.1
Dodging        | 4 |  4.2
Transmutations | |  1.3

Action                   |  1- 3 |  4- 6 || total
-------------------------+-------+-------++-------
Melee: Unarmed           |    32 |       ||    32
       Dagger            |   172 |   344 ||   516
 Cast: Sandblast         |    44 |    33 ||    77
       Stone Arrow       |       |     1 ||     1
  Use: Scroll            |     3 |     5 ||     8
 Stab: Sleeping          |     4 |     9 ||    13
  Eat: Ration            |       |     1 ||     1
Armor: Robe              |    22 |    96 ||   118
Dodge: Dodged            |   196 |   474 ||   670

Vanquished Creatures
  A vampire bat (D:3)
  An orc priest (D:4)
  A bullfrog skeleton (D:4)
  A worker ant (D:4)
  2 adders
  2 worms
  2 dart slugs
  3 fire bats (D:3)
  3 leopard geckos (D:4)
  4 orcs
  2 spectral bats (D:3)
  3 bat skeletons (D:3)
  A bat zombie (D:3)
  7 giant cockroaches
  9 goblins
  7 hobgoblins
  6 jackals
  7 kobolds
  2 quokkas
  2 ball pythons (D:1)
  12 bats
  A bat simulacrum (D:3)
  10 frilled lizards
  A leopard gecko skeleton (D:4)
  A quokka zombie (D:3)
  4 rats
95 creatures vanquished.
